Map: Automaton LE

Players

Methodape - Winner!

  • Race: Terran Terran
  • League: Master
  • Spawn Location: 3:00

A.I. 1 (Very Easy)

  • Race: Protoss Protoss
  • Spawn Location: 9:00

VOD

Have the link to the VOD?

Description

Time

  • Played on: Jan. 1, 2019, 11:52 a.m.
  • Length: 11:54
Show
View Real Time Build Order
Export as new Build Order

Methodape Terran - Winner!

Build Orders: Mech 

Get SALT Encoding   

  12  0:01  SCV  
  13  0:13  SCV  
  14  0:19  Supply Depot  
  14  0:26  SCV  
  15  0:33  Refinery  
  15  0:40  SCV  
  16  0:46  Barracks  
  16  0:52  SCV  
  17  1:05  SCV  
  18  1:17  SCV  
  19  1:29  SCV  
  20  1:36  Factory  
  20  1:38  Marine  
  21  1:42  Orbital Command  
  21  1:47  Supply Depot  
  21  1:56  Barracks Tech Lab  
  21  2:07  SCV  
  22  2:15  Marauder  
  24  2:16  Concussive Shells  
  24  2:20  SCV  
  25  2:23  Widow Mine  
  25  2:28  Supply Depot  
  27  2:32  SCV  
  30  2:37  Marauder  
  30  2:44  SCV  
  30  2:45  Supply Depot  
  30  2:50  Widow Mine  
  33  2:56  SCV  
  33  2:58  Marauder  
  36  3:08  SCV  
  36  3:11  Widow Mine  
  39  3:18  Command Center  
  39  3:21  Refinery  
  39  3:27  SCV  
  40  3:39  SCV  
  41  3:50  Cyclone  
  41  3:51  SCV  
  45  4:03  SCV  
  45  4:07  Command Center  
  46  4:11  Refinery  
  46  4:14  Refinery  
  46  4:15  SCV  
  47  4:22  Siege Tank  
  50  4:33  SCV  
  50  4:37  Starport  
  51  4:38  Orbital Command  
  51  4:44  Starport  
  51  4:50  SCV  
  52  5:02  SCV  
  52  5:05  SCV  
  54  5:08  Siege Tank  
  57  5:14  SCV  
  57  5:17  SCV, Starport Tech Lab  
  59  5:22  Orbital Command  
  59  5:33  SCV  
  59  5:34  Starport Reactor  
  60  5:36  Starport Tech Lab  
  60  5:38  Cloaking Field  
  60  5:39  SCV, Banshee  
  64  5:45  SCV  
  65  5:50  SCV  
  65  5:51  SCV  
  65  5:54  Siege Tank  
  65  5:55  Orbital Command  
  65  5:56  Supply Depot  
  70  5:57  SCV  
  70  6:01  Banshee  
  75  6:08  SCV  
  75  6:14  SCV  
  76  6:19  Barracks Reactor  
  76  6:20  SCV  
  76  6:21  SCV, Factory  
  76  6:22  Factory  
  78  6:25  Raven  
  78  6:28  SCV  
  78  6:30  Hellion  
  83  6:34  Engineering Bay, SCV x2  
  85  6:40  SCV  
  85  6:45  Refinery  
  85  6:46  SCV, Supply Depot  
  87  6:47  Refinery  
  87  6:52  Supply Depot, Banshee  
  87  6:53  SCV  
  91  6:54  SCV  
  92  7:02  SCV  
  92  7:04  Supply Depot  
  92  7:06  Factory Tech Lab  
  93  7:08  Banshee  
  93  7:10  SCV  
  93  7:12  Siege Tank  
  93  7:13  SCV  
  101  7:17  SCV  
  101  7:22  Hellion x2  
  106  7:23  Infernal Pre-Igniter  
  106  7:27  Armory, SCV  
  106  7:28  SCV, Armory  
  106  7:29  Missile Turret  
  108  7:33  Siege Tank  
  108  7:34  Supply Depot  
  108  7:35  SCV  
  112  7:45  Hellion x2  
  112  7:46  SCV  
  112  7:48  Supply Depot  
  117  7:56  Siege Tank, Banshee  
  123  7:59  SCV  
  123  8:01  Supply Depot  
  124  8:06  Supply Depot  
  124  8:07  SCV, Supply Depot  
  124  8:08  Supply Depot  
  124  8:10  Banshee  
  124  8:12  Siege Tank  
  133  8:13  Hellion  
  133  8:16  Terran Vehicle Weapons Level 1  
  133  8:18  Terran Vehicle And Ship Armor Level 1  
  133  8:21  Hellion  
  135  8:30  Barracks Reactor  
  135  8:31  SCV x2  
  135  8:32  Factory  
  135  8:33  Factory  
  137  8:37  Supply Depot  
  137  8:40  Missile Turret  
  137  8:41  Banshee  
  137  8:45  Hyperflight Rotors  
  137  8:47  SCV  
  141  8:48  Siege Tank, Missile Turret  
  141  8:51  Hellion  
  141  8:55  Hellion  
  148  9:00  Siege Tank  
  151  9:10  Banshee  
  151  9:13  Missile Turret x2  
  154  9:18  Hellion x2  
  154  9:19  Factory Tech Lab  
  154  9:23  Siege Tank  
  161  9:29  Hellion x2  
  165  9:32  Missile Turret  
  165  9:35  Hi-Sec Auto Tracking  
  165  9:36  Siege Tank  
  165  9:37  Banshee  
  171  9:45  Siege Tank, Missile Turret  
  174  9:46  Hellion x2, Missile Turret  
  174  9:52  Supply Depot  
  178  9:53  Supply Depot  
  178  9:54  Hellion  
  178  9:55  Supply Depot  
  180  10:01  Supply Depot  
  180  10:08  Siege Tank, Banshee, Hellion  
  180  10:14  Siege Tank  
  191  10:17  Siege Tank  
  194  10:25  Command Center  
  196  10:28  Hellion  
  196  10:31  Hellion  
  196  10:34  Supply Depot  
  198  10:46  Hellion  
  198  11:14  Missile Turret  
  198  11:24  Command Center  
  198  11:25  Refinery  
  198  11:29  Refinery  
  198  11:49  Missile Turret  
Show
View Real Time Build Order
Export as new Build Order

A.I. 1 (Very Easy) Protoss 

Build Orders:  

Get SALT Encoding   

  12  0:00  Probe  
  13  0:13  Probe  
  14  0:21  Pylon  
  14  0:38  Assimilator  
  14  0:45  Gateway  
  14  0:48  Pylon  
  14  1:18  Assimilator  
  14  1:20  Probe  
  15  1:28  Probe  
  16  1:36  Probe, Cybernetics Core  
  16  1:46  Probe  
  18  1:56  Probe  
  19  2:02  Warp Gate  
  19  2:04  Probe  
  19  2:13  Stalker  
  22  4:02  Probe  
  22  4:31  Probe  
  22  4:32  Stalker  
  22  4:34  Pylon  
  19  4:43  Probe  
  20  4:52  Pylon  
  20  5:01  Gateway, Probe  
  19  5:09  Probe  
  17  5:17  Probe  
  17  5:19  Robotics Facility  
  12  5:29  Probe  
  12  5:34  Assimilator  
  13  5:41  Probe  
  14  5:54  Probe  
  14  5:55  Zealot  
  17  6:02  Observer  
  17  6:06  Probe  
  19  6:18  Probe  
  20  6:20  Observer  
  21  6:30  Probe  
  22  6:42  Probe  
  23  6:49  Stalker  
  25  6:54  Probe  
  26  7:05  Probe  
  25  7:13  Probe  
  25  7:21  Probe  
  27  7:32  Probe  
  28  7:37  Pylon  
  28  7:43  Zealot  
  30  7:45  Probe  
  31  7:57  Probe  
  32  8:07  Nexus  
  32  8:36  Zealot  
  34  9:16  Probe  
  35  9:26  Assimilator  
  35  9:28  Probe  
  35  9:30  Assimilator  
  35  9:31  Probe  
  37  9:42  Probe  
  38  9:49  Probe  
  39  9:56  Probe  
  40  10:03  Probe  
  41  10:09  Probe  
  42  10:16  Probe  
  42  10:21  Probe  
  43  10:28  Probe  
  45  10:39  Probe  
  46  10:42  Adept  
  46  10:45  Gateway  
  46  10:46  Probe  
  46  10:48  Stargate  
  51  10:52  Robotics Bay  
  51  10:53  Probe  
  51  10:54  Pylon  
  52  11:06  Adept  
  48  11:14  Pylon  
  44  11:18  Robotics Facility  
  44  11:22  Probe  
  38  11:26  Probe  
  27  11:35  Zealot  
Tags
 
Composition
Mech
League
Master
Matchup
PvT
Spawn Locations
Cross Positions
Add a new tag
Caveats
  • Supply blocks, unpowered buildings, or Contaminate may cause inaccurate times.
  • Supply counts are checked every 10 seconds.